 Dungeon Crawl Stone Soup version 0.18.1-50-g88ac8fd (webtiles) character file.

82 Dfrag the Conjurer (level 4, -5/30 HPs)
             Began as a Demonspawn Conjurer on Feb 23, 2018.
             Engulfed by an orc wizard's steam (16 damage)
             ... on level 3 of the Dungeon.
             The game lasted 00:03:06 (2104 turns).

Dfrag the Conjurer (Demonspawn Conjurer)            Turns: 2104, Time: 00:03:07

Health: -5/30      AC:  2    Str:  6 (8)  XL:     4   Next: 21%
Magic:  2/8        EV: 12    Int: 16 (18) God:
Gold:   169        SH:  0    Dex: 11 (13) Spells: 2 memorised, 6 levels left

rFire  . . .     SeeInvis .     t - +0 flail
rCold  . . .     Gourm    +     a - +0 robe
rNeg   . . .     Faith    .     (no shield)
rPois  .         Spirit   .     (no helmet)
rElec  .         Dismiss  .     (no cloak)
rCorr  .         Reflect  .     (no gloves)
SustAt .         Harm     .     (no boots)
MR     .....                    i - amulet of the gourmand
Stlth  +.........               (no ring)
                                (no ring)

@: not resistant to hostile enchantments, very unstealthy
A: claws 1
a: no special abilities


You were on level 3 of the Dungeon.
You were completely stuffed.

You visited 1 branch of the dungeon, and saw 3 of its levels.

You collected 169 gold pieces.

Inventory:

Hand Weapons
 t - a +0 flail (weapon)
Armour
 a - a +0 robe (worn)
Jewellery
 i - an amulet of the gourmand (around neck)
Scrolls
 d - 3 scrolls of remove curse {unknown}
 f - 5 scrolls of identify {unknown}
 h - a scroll of fear {unknown}
 p - 3 scrolls of enchant armour {unknown}
 s - a scroll of immolation {unknown}
 u - a scroll of teleportation {unknown}
Potions
 l - a potion of mutation {unknown}
 m - a potion of invisibility {unknown}
 n - a potion of resistance {unknown}
 o - a potion of flight {unknown}
 q - a potion of cure mutation {unknown}
 r - a potion of berserk rage {unknown}
Books
 b - a book of Conjurations

   Spells                             Type                      Level
   a - Magic Dart                     Conjuration                  1
   b - Searing Ray                    Conjuration                  2
   c - Dazzling Spray                 Conjuration/Hexes            3
   d - Fulminant Prism                Conjuration/Hexes            4
   e - Iskenderun's Mystic Blast      Conjuration                  4
   f - Iskenderun's Battlesphere      Conjuration/Charms           5
Comestibles
 c - 3 bread rations
 k - 2 meat rations
 v - 3 chunks of flesh
 w - a beef jerky


   Skills:
 - Level 1.7 Dodging
 - Level 1.7 Stealth
 + Level 3.0 Spellcasting
 + Level 5.1 Conjurations


You had 6 spell levels left.
You knew the following spells:

 Your Spells              Type           Power        Failure   Level  Hunger
a - Magic Dart            Conj           ###.         2%          1    #......
b - Searing Ray           Conj           ###...       4%          2    ##.....


Dungeon Overview and Level Annotations

Branches:
Dungeon (3/15)

Altars:


Innate Abilities, Weirdness & Mutations

You have sharp fingernails.


Message History

You are confused.
You're too confused to cast spells.
Unknown command.
There is a large open door here.
Things that are here:
a club; a kobold corpse You're too confused to move!
An orc wizard appears from thin air!
Reactivating autopickup.
You miss the orc wizard.
The orc wizard is lightly wounded.
The orc wizard hits you with a dagger.
The orc wizard hits you but does no damage.
You enter the shallow water.
Moving in this stuff is going to be slow.
You feel less confused.
The orc wizard points at you and mumbles some strange words.
The puff of flame hits you!
You are engulfed in a cloud of scalding steam.
Ouch! That really hurt!
You die...

#... ....< #.# # ##..#
##<...##########.####### ....#
..............(.......##
##.<#####.......#.###..##........
.................................
.................................
≈......≈.≈≈.≈.≈≈..(....≈.≈≈≈.≈.≈.
≈≈≈≈≈≈≈≈≈≈≈≈≈≈≈≈§.(...≈≈≈≈≈≈≈≈≈≈≈
≈≈≈≈≈≈≈≈≈≈≈≈≈≈≈≈@....≈≈≈≈≈≈≈≈≈≈≈≈
≈≈≈≈≈≈≈≈≈≈≈≈≈≈≈≈≈o.)..≈≈≈≈≈≈≈≈≈≈≈
##################)'#############
. #....# ... #....#
....#########....##
...........#......#...
...)......))......'...)
...........#(.....#....


You could see an orc wizard.

Vanquished Creatures
  An adder (D:3)
  4 worms
  A giant gecko (D:1)
  5 orcs (D:3)
  2 giant cockroaches
  5 goblins
  9 hobgoblins
  10 kobolds
  3 ball pythons (D:1)
  7 bats
  3 giant newts
  5 rats
55 creatures vanquished.

Notes
Turn   | Place    | Note
--------------------------------------------------------------
     0 | D:1      | Dfrag the Demonspawn Conjurer began the quest for the Orb.
     0 | D:1      | Reached XP level 1. HP: 13/13 MP: 3/3
   114 | D:1      | Gained mutation: You have sharp fingernails. [demonic ancestry]
   114 | D:1      | Reached XP level 2. HP: 18/19 MP: 0/5
  1090 | D:2      | Learned a level 2 spell: Searing Ray
  1167 | D:2      | Reached XP level 3. HP: 15/24 MP: 0/6
  1257 | D:2      | Found a faded altar to an unknown god.
  1817 | D:3      | Reached skill level 5 in Conjurations
  1927 | D:3      | Reached XP level 4. HP: 30/30 MP: 5/8
  2104 | D:3      | Engulfed by an orc wizard's steam

Skill      XL: |  1  2  3 |
---------------+----------+-----
Conjurations   | 5 |  5.1
Spellcasting   | 3 |  3.0
Dodging        | |  1.7
Stealth        | |  1.7

Action                   |  1- 3 |  4- 6 || total
-------------------------+-------+-------++-------
Melee: Unarmed           |    21 |       ||    21
       Flail             |       |    22 ||    22
 Cast: Magic Dart        |    73 |    17 ||    90
       Searing Ray       |     5 |     1 ||     6
  Use: Potion            |       |     4 ||     4
  Eat: Chunk             |    16 |     2 ||    18
Armor: Robe              |     4 |     9 ||    13
Dodge: Dodged            |    15 |    12 ||    27
